 Dungeon Crawl Stone Soup version 0.29-a0-284-gf9362112df (webtiles) character file.

Game seed: 14307927916477740247

399 spaghetti the Digger (level 6, -1/49 HPs)
             Began as a Deep Dwarf Earth Elementalist on Mar 21, 2022.
             Slain by Duvessa
             ... wielding a +0 short sword
              (10 damage)
             ... on level 4 of the Dungeon.
             The game lasted 00:12:29 (2991 turns).

spaghetti the Digger (DDEE)                         Turns: 2991, Time: 00:12:30

Health: -1/49      AC:  4    Str: 12    XL:     6   Next: 54%
Magic:  1/11       EV: 12    Int: 17    God:
Gold:   207        SH:  0    Dex: 13    Spells: 4/12 levels left

rFire   . . .      SeeInvis .   l - staff of death {!astaff}
rCold   . . .      Faith    .   (no shield)
rNeg    + + .      Spirit   .   n - +2 robe {rN+}
rPois   .          Reflect  .   (no helmet)
rElec   .          Harm     .   (no cloak)
rCorr   .          Rampage  .   (no gloves)
Will    .....      Rage     1%  (no boots)
Stlth   ++........              (no amulet)
HPRegen 0.00/turn               (no ring)
MPRegen 0.12/turn               (no ring)

@: about to teleport, wereblooded
A: damage resistance, heal wounds, sense surroundings 1, no regeneration, hooves
1, berserk 1, deterioration 1, passive freeze
a: Heal Wounds


You were on level 4 of the Dungeon.
You visited 1 branch of the dungeon, and saw 4 of its levels.

You collected 207 gold pieces.


Innate Abilities, Weirdness & Mutations

You are resistant to damage.
You can heal yourself by infusing magical energy.
You passively map a small area around you.
You do not regenerate.
You have large cloven feet.
You tend to lose your temper in combat.
Your body sometimes deteriorates upon taking damage.
A frigid envelope surrounds you and freezes all who hurt you.


   Skills:
 - Level 2.1 Dodging
 - Level 2.4 Stealth
 * Level 3.8 Spellcasting
 * Level 1.8 Conjurations
 * Level 2.5 Necromancy
 * Level 2.6 Transmutations
 + Level 5.3 Earth Magic


You had 4 spell levels left.
You knew the following spells:

 Your Spells              Type           Power      Damage    Failure   Level
a - Sandblast             Erth           42%        2d11      1%          1
b - Wereblood             Tmut           12%        N/A       9%          2
c - Corpse Rot            Necr/Air       22%        N/A       14%         2
d - Stone Arrow           Conj/Erth      30%        3d8       11%         3

Your spell library contained the following spells:

 Spells                   Type           Power      Damage    Failure   Level
 Passwall                 Tmut/Erth      13%        N/A       4%          2
 Beastly Appendage        Tmut           24%        N/A       5%          1
 Sublimation of Blood     Necr           18%        N/A       9%          2
 Summon Small Mammal      Summ           12%        N/A       16%         1
 Poisonous Vapours        Pois/Air       6%         N/A       24%         2
 Spider Form              Tmut/Pois      7%         N/A       28%         3
 Petrify                  Tmut/Erth      16%        N/A       30%         4
 Call Canine Familiar     Summ           3%         N/A       43%         3
 Summon Guardian Golem    Hex/Summ       3%         N/A       43%         3
 Irradiate                Conj/Tmut      5%         3d15      87%         5

Inventory:

Hand Weapons
 d - a +0 dagger {short}
   (You took it off a kobold on level 2 of the Dungeon)
 e - a +0 hand axe {axe}
   (You took it off an orc priest on level 3 of the Dungeon)
 f - a +0 morningstar {mace}
   (You took it off an orc on level 3 of the Dungeon)
 o - a +0 dagger of flaming {short}
   (You took it off a goblin on level 4 of the Dungeon)
Missiles
 a - 168 stones {throwing}
 k - 14 poisoned darts {throwing}
 y - a throwing net {=f!fthrowing}
Armour
 b - a +0 robe
 n - a +2 robe of positive energy (worn)
   (You took it off Sigmund on level 4 of the Dungeon)
Magical Staves
 l - a staff of death (weapon) {!astaff}
   (You found it on level 3 of the Dungeon)
Jewellery
 c - a ring of protection from cold
   (You found it on level 3 of the Dungeon)
Scrolls
 g - a scroll of silence {unknown}
 h - 5 scrolls of enchant weapon
 j - 3 scrolls of teleportation {@r4}
 q - a scroll of fear {unknown}
 v - a scroll of enchant armour {unknown}
 w - a scroll of vulnerability {unknown}
Potions
 m - 2 potions of mutation {!q}

Dungeon Overview and Level Annotations

Branches:
Dungeon (4/15)
 Temple: D:4-7

Altars:

Shops:
D:1 *

Annotations:
D:3 exclusion: phantom
D:4 Duvessa

# * , .....♣♣ * , . , ** #.....,
#** * * # #.... * , # **#.
*#.).♣* * * ,* #####. , #.##...♣
,* ...... , * #.....♣# * * ......
, #.l..♣♣♣.. ♣...♣ ##.##. *
#e........ ,.... ##.#*.#
######@†..♣♣♣.. ** ...♣ ##.# .#
..........♣# , ♣.♣ .#.# .#
..#####..[♣ ♣♣♣ ♣.♣
.#.##.###..#####...♣# #♣.♣# #♣.♣#
....................♣♣♣...♣♣♣...♣
###..####..######................
###..####.< #.....#..###.####
#......... #............# #
#..####..#* #...)).......# ##


You could see Duvessa (berserk, fast) and an iguana.


Message History

o - a +0 dagger of flaming {short} You see here a +0 club {mace}.
Unknown command.
Unknown command.
You howl as the wereblood boils in your veins!
Your primal bloodlust is almost over.
You howl as the wereblood boils in your veins!
You howl as the wereblood boils in your veins!
Your primal bloodlust has ended.
Things that are here:
a +0 dagger {short}; a +0 club {mace}; a goblin corpse 😮 MP[+9]
Your mp is fully restored (11).
You see here a hobgoblin corpse.
Things that are here:
a +0 dagger {short}; a goblin corpse Key pressed, stopping explore.
Key pressed, stopping explore.
A giant cockroach comes into view.
A giant cockroach is nearby!
Casting: Wereblood (safe; 9% risk of failure)
Confirm with . or Enter, or press ? or * to list all spells.
Your blood is infused with primal strength. 😮 MP[-2]
You lost 2 mp, and now have 9/11 mp.
You closely miss the giant cockroach.
The giant cockroach bites you but does no damage.
The giant cockroach is very cold.
The giant cockroach bites you but does no damage.
The giant cockroach is very cold.
You feel a bit better.
You kill the giant cockroach! 😕 HP[+2]
You regained 2 hp, and now have 38/49 hp.
You howl as the wereblood boils in your veins!
You hear a shout!
You see here a giant cockroach corpse.
Dowan, Brother of Duvessa comes into view.
He is wielding a +0 dagger.
Duvessa, Sister of Dowan comes into view.
She is wielding a +0 short sword and carrying a wand of flame (14).
You howl as the wereblood boils in your veins!
You hear an angry hiss.
Duvessa shouts!
An iguana comes into view.
Aiming: Stone Arrow (dangerous; 12% risk of failure)
Press: ? - help, Q - select action, (/) - cycle Shift-Dir - straight line, f - Dowan
Aim: Dowan, wielding a +0 dagger and wearing a +0 robe (56% to hit)
The stone arrow hits Dowan!!
Duvessa zaps a wand.
The puff of flame hits you!
Dowan casts a spell at Duvessa.
Duvessa seems to speed up. 😮 HP[-4] MP[-3]
You take 4 damage, and now have 34/49 hp.
You lost 3 mp, and now have 6/11 mp.
Aiming: Stone Arrow (dangerous; 12% risk of failure)
Press: ? - help, Q - select action, (/) - cycle Shift-Dir - straight line, f/p - Dowan
Aim: Dowan, wielding a +0 dagger and wearing a +0 robe (almost dead, 56% to hit)
The stone arrow hits Dowan!
You kill Dowan!
Duvessa screams, "No!
How DARE you!"
Duvessa goes berserk! 😮 MP[-2]
You lost 2 mp, and now have 4/11 mp.
Aiming: Stone Arrow (dangerous; 11% risk of failure)
Press: ? - help, Q - select action, (/) - cycle Shift-Dir - straight line, f - iguana
Aim: an iguana (72% to hit)
The stone arrow hits the iguana! 😮 MP[-3]
You lost 3 mp, and now have 1/11 mp.
Okay, then.
You aren't carrying any items that you can evoke.
Okay, then.
Okay, then.
Okay, then.
Press: ? - help, v - describe, . - travel
Here: Duvessa, wielding a +0 short sword, wearing a +0 ring mail and carrying a wand of flame (13) (berserk, fast)
The floor.
Okay, then.
As you read the scroll labelled QUCISS VETEU, it crumbles to dust.
It is a scroll of identify.
h - 5 scrolls of enchant weapon
As you read the scroll labelled OCAUNE BOJARI, it crumbles to dust.
You feel strangely unstable.
It was a scroll of teleportation.
Duvessa hits you with a +0 short sword.
Duvessa is very cold.
Duvessa hits you with a +0 short sword.
Duvessa is very cold.
The iguana misses you. 😮 HP[-5]
You take 5 damage, and now have 29/49 hp.
Unknown command.
The iguana attacks as you move away! The iguana bites you.
The iguana is very cold.
Duvessa attacks as you move away! Duvessa hits you with a +0 short sword!
* * * LOW HITPOINT WARNING * * *
Duvessa is very cold. 😱 HP[-20]
You take 20 damage, and now have 9/49 hp.
MASSIVE DAMAGE!! (PAUSE)
Okay, then.
Okay, then.
Duvessa rages.
Duvessa hits you with a +0 short sword!
You die...

Skill      XL: |  1  2  3  4  5 |
---------------+----------------+-----
Transmutations | 1 2 |  2.6
Spellcasting   | 2 3 |  3.8
Necromancy     | 1 2 |  2.5
Conjurations   | 1 |  1.8
Earth Magic    | 5 |  5.3
Dodging        | |  2.1
Stealth        | |  2.4

Action                   |  1- 3 |  4- 6 || total
-------------------------+-------+-------++-------
Melee: Hand axe          |     7 |       ||     7
       Morningstar       |     3 |       ||     3
       Staff             |       |    51 ||    51
       Kick              |       |    10 ||    10
       Punch             |       |     1 ||     1
 Cast: Sandblast         |    28 |    25 ||    53
       Wereblood         |       |    15 ||    15
       Stone Arrow       |       |     8 ||     8
       Corpse Rot        |       |     1 ||     1
 Abil: Heal Wounds       |     2 |       ||     2
  Use: Potion            |     3 |     8 ||    11
       Scroll            |       |     2 ||     2
 Stab: Sleeping          |       |     5 ||     5
Armor: Robe              |     4 |    11 ||    15
Dodge: Dodged            |    17 |    41 ||    58

Levels and vault maps discovered:
D:1:      psy_arrival_radial02, layout_basic, serial_shops,
          nicolae_shop_advertising_works [nicolae_subvault_shop_adworks],
          hellmonk_ecumenical_altar_pennies_from_heaven
D:2:      layout_rooms
D:3:      layout_loops_cross
D:4:      layout_loops_ring, serial_glass, glass_columns_a, glass_columns_a,
          minmay_stone_trees_large, uniq_sigmund, uniq_robin, uniq_duvessa

Notes
Turn   | Place    | Note
-------+----------+-------------------------------------------
     0 | D:1      | spaghetti the Deep Dwarf Earth Elementalist began the quest
                  | for the Orb.
     0 | D:1      | Reached XP level 1. HP: 15/15 MP: 3/3
     0 | D:1      | magus.rc [v1.9.6]
   120 | D:2      | You pick up a book of Changes and begin reading...
   120 | D:2      | You add the spells Beastly Appendage, Wereblood and Spider
                  | Form to your library.
   179 | D:2      | Reached skill level 1 in Transmutations
   179 | D:2      | Reached XP level 2. HP: 20/22 MP: 0/4
   195 | D:3      | Reached skill level 2 in Spellcasting
   195 | D:3      | Reached XP level 3. HP: 26/28 MP: 1/6
   207 | D:3      | HP: 6/28 [orc/+0 morningstar (11)]
   207 | D:3      | HP: 2/28 [orc/+0 flail (4)]
   219 | D:3      | You pick up a book of Alchemy and begin reading...
   219 | D:3      | You add the spells Sublimation of Blood and Irradiate to
                  | your library.
   295 | D:3      | HP: 3/28 [orc/+0 hand axe (5)]
   359 | D:3      | Gained mutation: Your body sometimes deteriorates upon
                  | taking damage. [potion of mutation]
   359 | D:3      | Gained mutation: You are weak. (Str -2) [potion of
                  | mutation]
   359 | D:3      | Gained mutation: You possess an exceptional clarity of
                  | mind. [potion of mutation]
   360 | D:3      | Lost mutation: You are weak. (Str -2) [potion of mutation]
   360 | D:3      | Lost mutation: You possess an exceptional clarity of mind.
                  | [potion of mutation]
   360 | D:3      | Gained mutation: You tend to lose your temper in combat.
                  | [potion of mutation]
   360 | D:3      | Gained mutation: You have large cloven feet. [potion of
                  | mutation]
   360 | D:3      | Gained mutation: A frigid envelope surrounds you and
                  | freezes all who hurt you. [potion of mutation]
   591 | D:2      | Reached skill level 3 in Spellcasting
   632 | D:2      | Reached XP level 4. HP: 29/36 MP: 4/8
   734 | D:2      | You pick up a book of Vapours and begin reading...
   734 | D:2      | You add the spells Poisonous Vapours and Corpse Rot to your
                  | library.
   739 | D:2      | Learned a level 2 spell: Wereblood
   742 | D:2      | Learned a level 2 spell: Corpse Rot
  1130 | D:3      | Noticed a phantom
  1308 | D:1      | Found Giwkuw's Assorted Antiques.
  1632 | D:1      | Found a faded altar of an unknown god.
  1704 | D:1      | You pick up a book of Callings and begin reading...
  1704 | D:1      | You add the spells Summon Small Mammal, Call Canine
                  | Familiar and Summon Guardian Golem to your library.
  1771 | D:1      | You fall into a shaft and drop 1 floor!
  2153 | D:4      | Reached skill level 1 in Necromancy
  2246 | D:4      | Learned a level 3 spell: Stone Arrow
  2436 | D:4      | Reached XP level 5. HP: 39/42 MP: 7/10
  2444 | D:4      | Reached skill level 2 in Transmutations
  2483 | D:4      | Noticed Sigmund
  2488 | D:4      | HP: 9/42 [Sigmund/+0 scythe (7)]
  2492 | D:4      | Killed Sigmund
  2493 | D:4      | Reached skill level 1 in Conjurations
  2493 | D:4      | Reached skill level 2 in Necromancy
  2493 | D:4      | Reached skill level 5 in Earth Magic
  2493 | D:4      | Reached XP level 6. HP: 17/49 MP: 9/11
  2845 | D:4      | Noticed Robin
  2853 | D:4      | Killed Robin
  2982 | D:4      | Noticed Dowan
  2983 | D:4      | Noticed Duvessa
  2986 | D:4      | Killed Dowan
  2990 | D:4      | HP: 9/49 [Duvessa/+0 short sword (16)]
  2991 | D:4      | Slain by Duvessa

Vanquished Creatures
  Sigmund (D:4)
  Dowan (D:4)
  An orc priest (D:3)
  Robin (D:4)
  3 gnolls (D:4)
  3 adders
  3 worms
  A dart slug (D:2)
  6 orcs (D:3)
  6 endoplasms
  8 giant cockroaches
  11 goblins
  12 hobgoblins
  6 kobolds
  A quokka (D:4)
  6 ball pythons
  4 bats
  A frilled lizard (D:2)
  6 rats
81 creatures vanquished.

Table legend:
 A = Non-vault XP
 B = Vault XP
 C = Vault XP percentage of total XP
 D = Non-vault monster count
 E = Vault monster count
 F = Vault count percentage of total count
                 A         B        C        D         E       F
            +---------+---------+-------+---------+---------+-------
      Total |     252 |     319 |  55.9 |      71 |      10 |  12.3
            +---------+---------+-------+---------+---------+-------
        D:1 |      19 |       0 |   0.0 |      11 |       0 |   0.0
        D:2 |      59 |       0 |   0.0 |      26 |       0 |   0.0
        D:3 |      78 |       0 |   0.0 |      18 |       0 |   0.0
        D:4 |      96 |     319 |  76.9 |      16 |      10 |  38.5
            +---------+---------+-------+---------+---------+-------

Illustrated notes

Table legend:
 A = Kills in this place as a percentage of kills in entire the game.
 B = Kills by you in this place as a percentage of kills by you in the entire game.
 C = Kills by friends in this place as a percentage of kills by friends in the entire game.
 D = Other kills in this place as a percentage of other kills in the entire game.
 E = Experience gained in this place as a percentage of experience gained in the entire game.
 F = Experience gained in this place divided by the number of levels of this place that you have seen.
                   A       B       C       D       E      F
               +-------+-------+-------+-------+-------+----------------------
         Total | 100.0 | 100.0 |   N/A |   N/A | 100.0 | 142.8
       Dungeon | 100.0 | 100.0 |   N/A |   N/A | 100.0 | 142.8
               +-------+-------+-------+-------+-------+----------------------

Table legend: (Time is in decaauts)
 A = Elapsed time spent in this place.
 B = Non-inter-level travel time spent in this place.
 C = Inter-level travel time spent in this place.
 D = Time resting spent in this place.
 E = Time spent auto-exploring this place.
 F = Levels seen in this place.
 G = Mean time per level.
                   A        B        C        D        E       F      G
               +--------+--------+--------+--------+--------+-----+--------+
         Total |   3021 |   2896 |    125 |    472 |   1833 |   4 |  755.2 |
       Dungeon |   3021 |   2896 |    125 |    472 |   1833 |   4 |  755.2 |
               +--------+--------+--------+--------+--------+-----+--------+

Top non-repeatable levels by time:
     D:4: 870 daAuts
     D:3: 832 daAuts
     D:2: 727 daAuts
     D:1: 590 daAuts
